 Dungeon Crawl Stone Soup version 0.29-a0-275-g389c0b56f3 (webtiles) character file.

Game seed: 14240927412073883358

71775 drugrobin the Severer (level 14, 0/132 HPs)
             Began as a Demigod Fighter on Mar 9, 2022.
             Slain by an orc warrior
             ... wielding a +0 trident
             ... led by an orc knight
              (22 damage)
             ... on level 2 of the Orcish Mines.
             The game lasted 00:43:47 (18008 turns).

drugrobin the Severer (Demigod Fighter)            Turns: 18008, Time: 00:43:48

Health: 0/132      AC: 37    Str: 29    XL:     14   Next: 56%
Magic:  17/17      EV:  6    Int: 17    God:
Gold:   2133       SH:  4    Dex: 13    Spells: 13/13 levels left

rFire   . . .      SeeInvis .   a - +2 war axe "Wugal" {elec, rC+}
rCold   + . .      Faith    .   S - +0 buckler
rNeg    . . .      Spirit   .   n - +8 orange crystal plate armour {Archmagi, Int+3 Clar}
rPois   .          Reflect  .   w - +1 helmet
rElec   .          Harm     .   F - +0 cloak
rCorr   .          Rampage  .   y - +0 pair of gloves
Will    ++...      Archmagi +   f - +0 pair of boots
Stlth   .......... Clarity  +   j - amulet of regeneration
HPRegen 1.12/turn               s - ring of willpower
MPRegen 0.15/turn               O - +4 ring of slaying

@: studying 3 skills
A: high MP 1, forlorn, divine attributes
a: no special abilities


You were on level 2 of the Orcish Mines.
You visited 3 branches of the dungeon, and saw 18 of its levels.

You collected 2337 gold pieces.
You spent 204 gold pieces at shops.

Inventory:

Hand Weapons
 a - the +2 war axe "Wugal" (weapon) {elec, rC+}
   (You bought it in a shop on level 5 of the Dungeon)

   It occasionally discharges a powerful burst of electricity upon striking a
   foe.
   rC:        It protects you from cold.
 b - a +1 vampiric hand axe
 c - a +2 dagger of venom
 d - the +1 spear of the Snake Pit {drain, Will++ Int-4 Stlth+}
   (You found it on level 10 of the Dungeon)

   A truly terrible weapon, it drains the life of any living foe it strikes.
   Int:       It affects your intelligence (-4).
   Will:      It greatly increases your willpower.
   Stlth:     It makes you more stealthy.
Missiles
 k - 42 poisoned darts (quivered)
 I - 3 throwing nets
Armour
 f - a +0 pair of boots (worn)
 n - the +8 orange crystal plate armour (worn) {Archmagi, Int+3 Clar}
   (You found it on level 3 of the Dungeon)

   Int:       It affects your intelligence (+3).
   Clar:      It protects you against confusion.
 w - a +1 helmet (worn)
 y - a +0 pair of gloves (worn)
 F - a +0 cloak (worn)
 S - a +0 buckler (worn)
Jewellery
 g - a ring of fire
 j - an amulet of regeneration (around neck)
 s - a ring of willpower (left hand)
 N - a ring of fire
 O - a +4 ring of slaying (right hand)
Wands
 x - a wand of flame (26)
 E - a wand of digging (22)
 L - a wand of iceblast (16)
 P - a wand of acid (5)
 Q - a wand of polymorph (3)
Scrolls
 h - a scroll of immolation
 m - a scroll of vulnerability
 p - 3 scrolls of fear
 r - 2 scrolls of blinking
 t - a scroll of brand weapon
 u - 2 scrolls of enchant armour
 B - 7 scrolls of teleportation
 C - 2 scrolls of fog
 D - a scroll of magic mapping
 H - a scroll of summoning {unknown}
 J - 2 scrolls of enchant weapon {unknown}
 M - a scroll of identify
 R - a scroll of silence
Potions
 e - 2 potions of haste {unknown}
 i - 2 potions of flight
 l - 3 potions of degeneration {unknown}
 o - 3 potions of invisibility
 v - 2 potions of brilliance
 A - 5 potions of magic {unknown}
 G - a potion of curing
 K - a potion of resistance {unknown}
 T - 3 potions of might
 U - a potion of mutation {unknown}
Miscellaneous
 q - a tin of tremorstones (2/2)
 z - a lightning rod (4/4)


   Skills:
 + Level 14.1 Fighting
 * Level 17.5 Axes
 + Level 12.6 Armour
 - Level 2.6 Shields


You had 13 spell levels left.
You didn't know any spells.
Your spell library contained the following spells:

 Spells                   Type           Power      Damage    Failure   Level
 Animate Skeleton         Necr           0%         N/A       100%        1
 Magic Dart               Conj           0%         1d3       100%        1
 Pain                     Necr           0%         1d4       100%        1
 Summon Small Mammal      Summ           0%         N/A       100%        1
 Searing Ray              Conj           0%         2d4       100%        2
 Static Discharge         Conj/Air       0%         N/A       100%        2
 Call Canine Familiar     Summ           0%         N/A       100%        3
 Dazzling Flash           Conj/Hex       0%         N/A       100%        3
 Summon Guardian Golem    Hex/Summ       0%         N/A       100%        3
 Vampiric Draining        Necr           0%         2d6       100%        3
 Animate Dead             Necr           0%         N/A       100%        4
 Cause Fear               Hex            0%         N/A       100%        4
 Fulminant Prism          Conj/Hex       0%         3d6       100%        4
 Iskenderun's Mystic Bla  Conj/Tloc      0%         2d3       100%        4
 Olgreb's Toxic Radiance  Pois           0%         N/A       100%        4
 Lightning Bolt           Conj/Air       0%         1d11      100%        5
 Starburst                Conj/Fire      0%         6d3       100%        6
 Dragon Form              Tmut           0%         N/A       100%        7
 Haunt                    Necr/Summ      0%         N/A       100%        7
 Ozocubu's Refrigeration  Ice            0%         4d5       100%        7
 Ignition                 Fire           0%         3d3       100%        8
 Infestation              Necr           0%         N/A       100%        8
 Maxwell's Capacitive Co  Air            0%         ∞         100%        8
 Dragon's Call            Summ           0%         N/A       100%        9


Dungeon Overview and Level Annotations

Branches:
Dungeon (10/15)            Temple (0/1) D:4            Lair (6/6) D:10
 Shoals (0/4) Lair:2       Spider (0/4) Lair:4        Slime (0/5) Lair:6
    Orc (2/2) D:10
    Elf: Orc:2

Shops:
D:2 (   D:5 (   Orc:2 (*

Annotations:
Lair:5 exclusion: oklob plant


Innate Abilities, Weirdness & Mutations

You have an increased reservoir of magic. (+10% MP)
You shall have no god before yourself.
Your divine heritage dramatically boosts your attributes as you level up.


Message History

Unknown command.
Unknown command.
Unknown command.
Unknown command.
You closely miss the troll.
The troll is heavily wounded.
You slash the ogre!
You kill the ogre!
Unknown command.
Unknown command.
Unknown command.
Unknown command.
Unknown command.
You slash the troll!
The troll is severely wounded.
The orc warrior hits you but does no damage.
The troll bites you but does no damage. The troll barely misses you.
The troll claws you.
* * * LOW HITPOINT WARNING * * *
Unknown command.
Unknown command.
Unknown command.
Unknown command.
Unknown command.
You slice the troll!!
You kill the troll!
You slash the ogre!
The orc warrior hits you from afar with a +0 trident!
* * * LOW HITPOINT WARNING * * *
You block the ogre's attack.
Unknown command.
Unknown command.
Unknown command.
Unknown command.
Unknown command.
Unknown command.
Unknown command.
You feel better.
The orc warrior hits you from afar with a +0 trident!!
You die...

##.......# ...........
#....##.## ##.##......#
##..##.## ###......#.... #
#......# #####..).##.#...## ##
#......###.#..O)O#..#...... .#
###......#....oT))).).......
#####.....)...Oo)o###O#.)......#
..##.........#.C### #...........
...............O@# #....C.......
.............##.## ##...O.......
.....#......##### #............
...........## #.∩..........
.....#......# #......∩.....
...........## .............
...........# #........... ....#
..


You could see a two-headed ogre, a cyclops, an orc warrior (strong) and an ogre.

Vanquished Creatures
  The ghost of HuGe the Severer, a journeyman MiBe of Trog (Lair:3)
  4 hydras
  2 ogre magi (Orc:2)
  8 two-headed ogres
  A centaur warrior (D:10)
  4 death yaks (Lair:6)
  Sonja (Lair:2)
  2 deep trolls (Orc:2)
  2 orc knights (Orc:2)
  15 elephants
  A cyclops (Orc:2)
  A merfolk siren (Lair:2)
  7 black mambas
  3 torpor snails
  8 cane toads
  4 rime drakes
  A gargoyle (D:10)
  11 komodo dragons
  2 hornets
  A merfolk (Lair:2)
  3 trolls (Orc:2)
  12 polar bears
  41 blink frogs
  5 raiju (Lair:6)
  2 slime creatures (Lair:6)
  18 dream sheep
  3 wyverns
  42 yaks
  2 steam dragons
  Grum (D:8)
  5 basilisks
  A vampire mosquito (D:10)
  Menkaure (D:6)
  2 redbacks (Lair:4)
  A catoblepas simulacrum (Lair:3)
  6 wargs
  An acid dragon (D:10)
  12 hell hounds (Lair:6)
  26 water moccasins
  A hydra simulacrum (Lair:3)
  Duvessa (D:4)
  16 orc warriors
  14 black bears
  An ice beast (D:8)
  34 wolves
  4 boggarts (Lair:6)
  21 ogres
  5 centaurs
  4 phantoms
  Blork the orc (D:5)
  10 bullfrogs
  3 scorpions
  2 cane toad simulacra (Lair:3)
  2 necrophages
  5 kobold brigands
  A gnoll sergeant (D:9)
  5 wights (D:7)
  Dowan (D:4)
  10 killer bees
  5 howler monkeys
  8 jellies
  A rime drake simulacrum (Lair:3)
  4 electric eels
  4 lava snakes (Lair:3)
  2 hounds
  Crazy Yiuf (D:5)
  4 gnoll shamans
  9 orc priests
  A water moccasin simulacrum (Lair:3)
  5 iguanas
  24 orc wizards
  A wolf simulacrum (Lair:3)
  A basilisk simulacrum (Lair:3)
  Robin (D:4)
  29 gnolls
  8 adders
  A shadow imp (D:7)
  2 white imps (D:5)
  2 ufetubi
  A worm (D:3)
  A dart slug (D:1)
  55 orcs
  8 ball pythons
  10 bats
  4 endoplasms
  A giant cockroach (D:1)
  9 hobgoblins
  3 jackals (D:3)
  4 quokkas
  7 frilled lizards
  19 goblins
  25 kobolds
  8 rats
672 creatures vanquished.

Vanquished Creatures (others)
  A rime drake (Lair:3)
  3 gnolls (D:7)
  41 fungi
  82 plants
127 creatures vanquished.

Grand Total: 799 creatures vanquished

Notes
Turn   | Place    | Note
-------+----------+-------------------------------------------
     0 | D:1      | drugrobin the Demigod Fighter began the quest for the Orb.
     0 | D:1      | Reached XP level 1. HP: 18/18 MP: 3/3
    69 | D:1      | Reached skill level 2 in Axes
   358 | D:1      | Reached XP level 2. HP: 25/25 MP: 4/4
   969 | D:1      | Reached XP level 3. HP: 30/31 MP: 5/5
  1408 | D:2      | Reached skill level 3 in Axes
  1489 | D:2      | Found Ogadoud's Weapon Shoppe.
  1920 | D:3      | Noticed a necrophage
  1933 | D:3      | Killed a necrophage
  1934 | D:3      | Reached XP level 4. HP: 14/40 MP: 6/6
  1986 | D:3      | Reached skill level 4 in Axes
  2153 | D:3      | Reached XP level 5. HP: 46/46 MP: 7/7
  2224 | D:3      | Found the +8 orange crystal plate armour {Archmagi, Int+3
                  | Clar}
  2916 | D:4      | Identified the +5 short sword "Yreobaups" {vorpal, rC+}
  2990 | D:4      | Reached XP level 6. HP: 50/52 MP: 8/8
  3058 | D:4      | Reached skill level 5 in Axes
  3195 | D:4      | Noticed Robin
  3209 | D:4      | Killed Robin
  3502 | D:4      | Found a staircase to the Ecumenical Temple.
  3549 | D:4      | Noticed Dowan
  3550 | D:4      | Noticed Duvessa
  3573 | D:4      | Killed Dowan
  3574 | D:4      | Killed Duvessa
  3575 | D:4      | Reached XP level 7. HP: 60/60 MP: 9/9
  3958 | D:5      | Entered Level 5 of the Dungeon
  3981 | D:5      | Reached skill level 6 in Axes
  4049 | D:5      | Noticed Blork the orc
  4070 | D:5      | Killed Blork the orc
  4071 | D:5      | Reached skill level 5 in Fighting
  4103 | D:5      | Found Yfocis's Antique Weapon Boutique.
  4133 | D:5      | Bought a masterwork war axe for 204 gold pieces
  4133 | D:5      | Identified the +2 war axe "Wugal" {elec, rC+} (You bought
                  | it in a shop on level 5 of the Dungeon)
  4369 | D:5      | Noticed a hornet
  4375 | D:5      | Killed a hornet
  4376 | D:5      | Reached skill level 7 in Axes
  4376 | D:5      | Reached XP level 8. HP: 42/69 MP: 10/10
  4686 | D:5      | Found a runed translucent door.
  4687 | D:5      | Noticed Crazy Yiuf
  4980 | D:5      | Killed Crazy Yiuf
  5095 | D:6      | Noticed Menkaure
  5107 | D:6      | Killed Menkaure
  5108 | D:6      | Reached skill level 5 in Armour
  5440 | D:6      | Reached skill level 8 in Axes
  6109 | D:7      | Reached XP level 9. HP: 69/78 MP: 11/11
  6403 | D:7      | Reached skill level 9 in Axes
  7488 | D:8      | Noticed Grum
  7507 | D:8      | Reached skill level 10 in Axes
  7513 | D:8      | Killed Grum
  7678 | D:8      | Reached XP level 10. HP: 86/86 MP: 13/13
  8552 | D:10     | Entered Level 10 of the Dungeon
  8564 | D:10     | Reached skill level 11 in Axes
  8641 | D:10     | Found a staircase to the Orcish Mines.
  8867 | D:10     | Noticed a centaur warrior
  8893 | D:10     | Killed a centaur warrior
  9097 | D:10     | Reached XP level 11. HP: 95/95 MP: 14/14
  9367 | D:10     | Identified the +1 spear of the Snake Pit {drain, Will++
                  | Int-4 Stlth+}
  9369 | D:10     | Found a staircase to the Lair.
  9922 | Lair:1   | Entered Level 1 of the Lair of Beasts
 10074 | Lair:1   | Reached skill level 12 in Axes
 11156 | Lair:2   | Noticed an eight-headed hydra
 11159 | Lair:2   | Noticed Sonja
 11185 | Lair:2   | Reached skill level 13 in Axes
 11464 | Lair:2   | Killed Sonja
 11596 | Lair:2   | Killed an eight-headed hydra
 11680 | Lair:2   | Reached skill level 10 in Fighting
 11690 | Lair:2   | Reached XP level 12. HP: 89/106 MP: 15/15
 11742 | Lair:2   | Found a staircase to the Shoals.
 12217 | Lair:3   | Noticed HuGe's ghost (journeyman MiBe)
 12230 | Lair:3   | Reached skill level 14 in Axes
 12241 | Lair:3   | Reached skill level 10 in Armour
 12354 | Lair:3   | Found a runed translucent gate.
 12354 | Lair:3   | Found a runed translucent gate.
 12354 | Lair:3   | Found a runed translucent gate.
 13450 | Lair:3   | Killed HuGe's ghost
 13565 | Lair:4   | Noticed a six-headed hydra
 13573 | Lair:4   | Reached skill level 15 in Axes
 13585 | Lair:4   | Killed a six-headed hydra
 13586 | Lair:4   | Reached XP level 13. HP: 82/116 MP: 16/16
 13896 | Lair:4   | Found a hole to the Spider Nest.
 15434 | Lair:6   | Entered Level 6 of the Lair of Beasts
 15440 | Lair:6   | Identified 2 scrolls of acquirement
 15440 | Lair:6   | Acquired a manual of Fighting
 15444 | Lair:6   | Acquired 879 gold pieces
 15624 | Lair:6   | Reached skill level 16 in Axes
 15909 | Lair:6   | Identified the +4 shortbow "Spiderbane" {vorpal, rC+}
 16011 | Lair:6   | Found a staircase to the Slime Pits.
 16264 | Lair:6   | Reached XP level 14. HP: 127/127 MP: 17/17
 17035 | Orc:1    | Entered Level 1 of the Orcish Mines
 17139 | Orc:1    | Reached skill level 17 in Axes
 17388 | Orc:2    | Entered Level 2 of the Orcish Mines
 17941 | Orc:2    | Found Naxkoi's Weapon Boutique.
 17941 | Orc:2    | Found Leblieg's General Store.
 18008 | Orc:2    | Slain by an orc warrior

Illustrated notes

Levels and vault maps discovered:
D:1:      scummos_arrival_hexagon, layout_loops_ring
D:2:      layout_basic, serial_shops, shop, minmay_circled_x
D:3:      layout_loops_ring, ebering_ecumenical_altar_ruins,
          grunt_ministairs_13, kennysheep_generic_room_3
D:4:      layout_basic, nicolae_overflow_crystal_walls,
          minmay_temple_entry_enclosed_plants, serial_bayou,
          serial_bayou_shore_a, serial_bayou_pond_d, serial_bayou_lagoon_b,
          serial_bayou_pond_e, serial_bayou_shore_b, grunt_ministairs_15,
          uniq_robin, uniq_duvessa
D:5:      layout_loops_corners, serial_shops, nicolae_square_shop,
          uniq_crazy_yiuf_cottage, uniq_blork_the_orc
D:6:      layout_basic, uniq_menkaure
D:7:      layout_basic, nicolae_grassy_gnolls
D:8:      layout_basic, uniq_grum
D:9:      layout_small_grid
D:10:     layout_stronghold, lair_entry_dummy, minmay_orc_entry_temple_small,
          minmay_increasing_density
Lair:1:   layout_cave_pods, cheibrodos_lair_reptile_den, grunt_megastairs_1
Lair:2:   layout_roguey, elwin_shoals_entry_rooms,
          chequers_serial_rivers_micro_d, beast_lair_carwin_6, uniq_sonja
Lair:3:   layout_loops_ring, gammafunk_ghost_icy, nicolae_lair_liquid_snakes
Lair:4:   layout_cave_pods, spider_nest_entry_a
Lair:5:   layout_gridlike, grunt_megastairs_3
Lair:6:   hangedman_lair_caniforms_friends, layout_regular_city,
          minmay_slime_entry_pillars, gauntlet_entry_generic,
          kilobyte_rumbling_trees
Orc:1:    layout_diamond_mine, basic_altar
Orc:2:    st_orc_open, layout_caves, serial_shops, shop_coins

Skill      XL: |  1  2  3  4  5  6  7  8  9 10 11 12 13 14 |
---------------+-------------------------------------------+-----
Axes           | 2 3 4 5 7 8 10 11 13 15 16 17 | 17.5
Fighting       | 3 4 5 6 7 8 10 11 12 14 | 14.1
Armour         | 3 4 5 6 8 9 10 11 12 | 12.6
Shields        | |  2.6

Action                   |  1- 3 |  4- 6 |  7- 9 | 10-12 | 13-15 || total
-------------------------+-------+-------+-------+-------+-------++-------
Melee: War axe           |   137 |   183 |   242 |   562 |   658 ||  1782
       Hand axe          |       |    22 |    49 |       |       ||    71
       Spear             |       |       |       |    24 |    28 ||    52
Throw: Dart              |       |     4 |    11 |       |       ||    15
       Throwing net      |       |       |       |     2 |       ||     2
Evoke: Wand              |       |     4 |       |       |       ||     4
  Use: Scroll            |       |       |       |     7 |    11 ||    18
       Potion            |       |       |       |     2 |     1 ||     3
 Stab: Sleeping          |       |       |     1 |       |       ||     1
Armor: Scale mail        |    63 |    25 |       |       |       ||    88
       Crystal plate arm |       |   184 |   326 |   593 |   556 ||  1659
Dodge: Dodged            |    59 |    31 |    72 |   130 |   178 ||   470
Block: Buckler           |    30 |    53 |    80 |   151 |   115 ||   429

Table legend: (Time is in decaauts)
 A = Elapsed time spent in this place.
 B = Non-inter-level travel time spent in this place.
 C = Inter-level travel time spent in this place.
 D = Time resting spent in this place.
 E = Time spent auto-exploring this place.
 F = Levels seen in this place.
 G = Mean time per level.
                   A        B        C        D        E       F      G
               +--------+--------+--------+--------+--------+-----+--------+
         Total |  17964 |  16860 |   1104 |   1131 |  11489 |  18 |  998.0 |
       Dungeon |  10123 |   9450 |    673 |    401 |   6905 |  10 | 1012.3 |
          Lair |   6924 |   6506 |    418 |    549 |   4220 |   6 | 1154.0 |
  Orcish Mines |    916 |    905 |     11 |    181 |    363 |   2 |  458.0 |
               +--------+--------+--------+--------+--------+-----+--------+

Top non-repeatable levels by time:
    D:10: 1400 daAuts
  Lair:6: 1373 daAuts
  Lair:3: 1347 daAuts
  Lair:2: 1224 daAuts
     D:4: 1190 daAuts
     D:1: 1176 daAuts
     D:7: 1115 daAuts
     D:5: 1085 daAuts
  Lair:4: 1058 daAuts
  Lair:1: 1054 daAuts
     D:3: 1024 daAuts
     D:6: 993 daAuts
  Lair:5: 866 daAuts
     D:8: 770 daAuts
     D:2: 701 daAuts
